 Dungeon Crawl Stone Soup version 0.17.1-3-g152610e (webtiles) character file.

65 Gargoyl the Distorting Demonspawn (level 3, -8/29 HPs)
             Began as a Demonspawn Abyssal Knight on Apr 14, 2016.
             Was a Believer of Lugonu.
             Mangled by a gnoll
             ... wielding a +0 whip of electrocution
              (17 damage)
             ... on level 3 of the Dungeon.
             The game lasted 00:05:05 (2547 turns).

Gargoyl the Distorting Demonspawn (DsAK)            Turns: 2547, Time: 00:05:05

Health: -8/29      AC:  6    Str: 13    XL:     3   Next: 92%
Magic:  5/5        EV:  5    Int: 13    God:    Lugonu [**....]
Gold:   200        SH:  0    Dex: 12    Spells: 0 memorised, 2 levels left

rFire  . . .     SeeInvis .     f - +0 war axe
rCold  . . .     Clarity  .     n - +0 ring mail
rNeg   . . .     SustAt   +     (no shield)
rPois  .         Gourm    .     d - +0 helmet
rElec  .         Spirit   .     (no cloak)
rCorr  .         Warding  .     (no gloves)
rMut   .         Stasis   .     (no boots)
MR     .....                    (no amulet)
Stlth  +.........               (no ring)
                                s - ring of sustain attributes

@: not resistant to hostile enchantments, very unstealthy
A: rot immunity
a: Depart the Abyss, Bend Space, Renounce Religion


You were on level 3 of the Dungeon.
You worshipped Lugonu.
Lugonu was pleased with you.
You were not hungry.

You visited 1 branch of the dungeon, and saw 3 of its levels.
You visited the Abyss 1 time.

You collected 200 gold pieces.

Inventory:

Hand Weapons
 f - a +0 war axe (weapon)
Missiles
 u - 7 javelins of penetration (quivered)
Armour
 d - a +0 helmet (worn)
 n - a +0 ring mail (worn)
Jewellery
 s - a ring of sustain attributes (left hand)
Scrolls
 b - a scroll of random uselessness {unknown}
 e - a scroll of recharging {unknown}
 j - a scroll of enchant weapon {unknown}
 k - 3 scrolls of identify {unknown}
 l - 2 scrolls of remove curse {unknown}
 m - a scroll of immolation {unknown}
 r - a scroll of amnesia {unknown}
 t - a scroll of noise {unknown}
 w - a scroll of teleportation {unknown}
Potions
 a - a potion of berserk rage {unknown}
 i - a potion of ambrosia {unknown}
 p - a potion of magic {unknown}
Comestibles
 c - a bread ration
 g - 2 fruits
 h - a chunk of flesh
 o - 2 meat rations
 v - a slice of pizza


   Skills:
 + Level 3.2 Fighting
 + Level 2.2 Axes
 * Level 2.4 Armour
 + Level 1.6 Dodging
 + Level 3.3 Invocations


You had 2 spell levels left.
You didn't know any spells.

Dungeon Overview and Level Annotations

Branches:
Dungeon (3/15)

Altars:
Fedhas
Trog
Zin
The Shining One


Innate Abilities, Weirdness & Mutations

You are immune to rotting.


Message History

Your ring mail prevents you from hitting the gnoll.
The gnoll shouts!
The gnoll hits you. The gnoll hits you but does no damage.
You slash the gnoll!
The gnoll is severely wounded.
You barely miss the gnoll.
The gnoll hits you with a whip of electrocution.
You hit the gnoll.
The gnoll is lightly wounded.
The gnoll hits you but does no damage.
You are electrocuted!
* * * LOW HITPOINT WARNING * * *
You hit the gnoll.
The gnoll is heavily wounded.
The gnoll completely misses you.
Unknown command.
There is a stone staircase leading down here.
There is a stone staircase leading up here.
The gnoll hits you but does no damage.
You are electrocuted!
Ouch! That really hurt!
You die...

####....#....#
..##...###....
#......#y#r_.. .#
####...###.... #.# .
#....#...)# #.# ##.
#........)# #.# #g.
##......)## #.# #g#
# ##....###.#### #.#
#.# # ###### #...@#
#.# #g# # #.# ####g#
#.# #.# ######.#
#.####.####.####.#
.......#
#.g..#.>..g......#
######.#
#...g.gg....###### #
#.# #....######## #
#.### #.#.##
######...#######.#.#
.......#.........#.#


You could see 2 gnolls.

Vanquished Creatures
  An adder (D:3)
  4 worms
  5 giant geckos
  2 bats
  3 giant cockroaches
  5 goblins (D:2)
  4 hobgoblins
  A ball python (D:2)
  2 giant newts (D:1)
  5 kobolds
  12 rats
44 creatures vanquished.

Notes
Turn   | Place    | Note
--------------------------------------------------------------
     0 | Abyss:1  | Gargoyl the Demonspawn Abyssal Knight began the quest for the Orb.
     0 | Abyss:1  | Reached XP level 1. HP: 18/18 MP: 2/2
    76 | Abyss:1  | Noticed a wight
    77 | D:1      | Escaped the Abyss
   110 | D:1      | Reached * piety under Lugonu
   220 | D:1      | Gained mutation: You are immune to rotting. [demonic ancestry]
   220 | D:1      | Reached XP level 2. HP: 13/24 MP: 3/3
   507 | D:1      | Reached skill level 1 in Dodging
  1108 | D:2      | Found a glowing silver altar of Zin.
  1217 | D:2      | Reached XP level 3. HP: 29/29 MP: 5/5
  1267 | D:2      | Found a blossoming altar of Fedhas.
  1775 | D:2      | Found a glowing golden altar of the Shining One.
  2068 | D:2      | Reached ** piety under Lugonu
  2397 | D:3      | Noticed a moth of wrath
  2400 | D:3      | Found a bloodstained altar of Trog.
  2547 | D:3      | Mangled by a gnoll

Action                   || total
-------------------------++-------
Melee: Hand axe          ||   128
       War axe           ||    10
Invok: Depart the Abyss  ||     1
  Use: Potion            ||     2
  Eat: Chunk             ||     5
